 Dungeon Crawl Stone Soup version 0.32-a0-960-g3814254bd7 (webtiles) character file.

Game seed: 11791650826038835289

3628 Autsider the Toxicologist (level 10, -2/88 HPs)
             Began as a Naga Alchemist on Apr 17, 2024.
             Was a Follower of Cheibriados.
             Slain by a death yak (19 damage)
             ... on level 8 of the Dungeon.
             The game lasted 00:27:31 (9082 turns).

Autsider the Toxicologist (Naga Alchemist)          Turns: 9082, Time: 00:27:32

Health: -2/88      AC:  5    Str: 14    XL:     10   Next: 11%
Magic:  12/17      EV:  9    Int: 27    God:    Cheibriados [*.....]
Gold:   1180       SH:  4    Dex: 13    Spells: 5/19 levels left

rFire   + . .        w - staff of conjuration
rCold   . . .        G - +0 buckler
rNeg    . . .        a - +0 robe
rPois   +            h - +0 helmet
rElec   .            F - scarf {repulsion}
rCorr   .            (no gloves)
SInv    +            (no barding)
Will    +....        (no amulet)
Stlth   ++           p - ring of protection from fire
HPRegen 0.34/turn    x - +6 ring of intelligence
MPRegen 0.15/turn

%: repel missiles
@: very slow
A: AC +3, large, see invisible, deformed body, poison resistance, slowness 2,
spit poison 1, naga tail 1
a: Spit Poison, Renounce Religion, Bend Time


You were on level 8 of the Dungeon.
You worshipped Cheibriados.
Cheibriados was aware of your devotion.
You visited 2 branches of the dungeon, and saw 9 of its levels.

You collected 1681 gold pieces.
You spent 501 gold pieces at shops.

Inventory:

Missiles
 j - 2 throwing nets
Armour
 a - a +0 robe (worn)
 f - the scarf of Boredom {+Inv, rPois Str+4}
   (You found it on level 6 of the Dungeon)

   Str+4:     It affects your strength (+4).
   rPois:     It protects you from poison.
 h - a +0 helmet (worn)
 B - the +8 scale mail "Nibyl" {rPois rC- rN+ Str+2}
   (You found it on level 5 of the Dungeon)

   Str+2:     It affects your strength (+2).
   rC-:       It makes you vulnerable to cold.
   rPois:     It protects you from poison.
   rN+:       It protects you from negative energy.
 F - a scarf of repulsion (worn)
 G - a +0 buckler (worn)
Magical Staves
 w - a staff of conjuration (weapon)
Jewellery
 e - a ring of ice
 p - a ring of protection from fire (left hand)
 x - a +6 ring of intelligence (right hand)
Wands
 l - a wand of warping (5)
 D - a wand of digging (7)
Scrolls
 c - a scroll of amnesia
 d - 2 scrolls of poison
 g - a scroll of teleportation {@r2}
 q - a scroll of enchant armour
 r - a scroll of fog
 s - 3 scrolls of fear
 t - 3 scrolls of revelation
 y - 4 scrolls of enchant weapon
 z - 2 scrolls of immolation
 A - a scroll of blinking
Potions
 b - 2 potions of curing {@q1}
 i - a potion of mutation
 k - 3 potions of heal wounds {@q2}
 m - a potion of brilliance
 n - 2 potions of cancellation
 u - a potion of magic
 v - a potion of haste {unknown}
 C - 2 potions of might {unknown}
 E - a potion of enlightenment {unknown}
 H - a potion of attraction {unknown}


   Skills:
 + Level 5.4 Fighting
 + Level 3.3 Dodging
 - Level 3.0 Stealth
 + Level 2.3 Shields
 + Level 5.2 Spellcasting
 - Level 4.0 Conjurations
 + Level 3.2 Translocations
 - Level 4.0 Fire Magic
 + Level 10.8 Alchemy


You had 5 spell levels left.
You knew the following spells:

 Your Spells              Type           Power      Damage    Failure   Level
a - Sting                 Conj/Alch      100%       1d9       1%          1
b - Mercury Vapours       Alch/Air       72%        N/A       1%          2
c - Olgreb's Toxic Radia  Alch           60%        N/A       1%          4
d - Sticky Flame          Fire/Alch      47%        2d9       4%          4
w - Mephitic Cloud        Conj/Alch/Air  50%        N/A       3%          3

Your spell library contained the following spells:

 Spells                   Type           Power      Damage    Failure   Level
 Apportation              Tloc           48%        N/A       2%          1
 Scorch                   Fire           56%        2d7       2%          2
 Blink                    Tloc           48%        N/A       3%          2
 Lesser Beckoning         Tloc           48%        N/A       3%          2
 Momentum Strike          Conj/Tloc      80%        3d10      3%          2
 Alistair's Intoxication  Alch           40%        N/A       3%          5
 Static Discharge         Conj/Air       52%        3-6/arc   6%          2
 Freeze                   Ice            28%        1d5       10%         1
 Slow                     Hex            28%        N/A       10%         1
 Hailstorm                Conj/Ice       26%        3d7       13%         3
 Jinxbite                 Hex            14%        N/A       14%         2
 Flame Wave               Conj/Fire      42%        2d11      19%         4
 Confusing Touch          Hex            7%         N/A       28%         3
 Frozen Ramparts          Ice            14%        1d3       28%         3
 Vampiric Draining        Necr           7%         2d6       28%         3
 Airstrike                Air            3%         2d(1-17)  67%         4
 Animate Dead             Necr           7%         N/A       67%         4
 Summon Lightning Spire   Summ/Air       7%         N/A       67%         4
 Summon Cactus Giant      Summ           3%         N/A       100%        6
 Haunt                    Necr/Summ      3%         N/A       100%        7
 Infestation              Necr           3%         N/A       100%        8


Dungeon Overview and Level Annotations

Branches:
Dungeon (8/15)             Temple (1/1) D:7
   Lair: D:8-11

Altars:
Cheibriados
Dithmenos
Fedhas
Gozag
Hepliaklqana
Kikubaaqudgha
Nemelex Xobeh
Qazlal
Ru
Trog
Vehumet
Wu Jian
Xom
Yredelemnul
The Shining One

Shops:
D:1 ?[*   D:4 (?=??   D:5 [*   D:6 *


Innate Abilities, Weirdness & Mutations

Your serpentine skin is tough. (AC +3)
You have supernaturally acute eyesight. (SInv)
Armour fits poorly on your strangely shaped body.
Your system is resistant to poisons. (rPois)
You cover ground very slowly.
You can spit poison.
You have a snake-like lower body.


Message History

Confirm with . or Enter, or press ? or * to list all spells.
Aiming: Mercury Vapours (safe; 1% risk of failure)
Press: ? - help, Dir - move target, f - death yak
Aim: a death yak (chance to weaken: 0%) Fumes of mercury billow around the death yak!
The death yak is poisoned.
A bullfrog comes into view.
The death yak snorts and paws the ground.
A yak comes into view.
Casting: Mercury Vapours (safe; 1% risk of failure)
Confirm with . or Enter, or press ? or * to list all spells.
Aiming: Sticky Flame (dangerous; 4% risk of failure)
Press: ? - help, Shift-Dir - straight line, f/p - death yak
Aim: a death yak (lightly wounded, very poisoned)
The sticky flame hits the death yak.
The death yak is lightly wounded.
The yak bellows!
The death yak burns!
The death yak gores you!
A death yak comes into view.
The death yak bellows!
You hit the death yak.
The death yak is moderately wounded.
The death yak burns!
The death yak barely misses you.
A bullfrog comes into view.
You hit the death yak but do no damage.
The death yak is heavily wounded.
The death yak burns! x2; The death yak gores you!
The death yak gores you!!
* * * LOW HITPOINT WARNING * * *
The bullfrog gives a loud, deep croak!
You hit the death yak.
The death yak is severely wounded.
The death yak burns!
The death yak gores you!!
* * * LOW HITPOINT WARNING * * *
You hit the death yak but do no damage.
The death yak is severely wounded.
The death yak burns!
A bullfrog comes into view.
The death yak gores you!!
You die...
Cheibriados appreciates the motionlessness of death.

#### #..### .....## ......#
### ##### ..##.##
##.####...## ..##..####
##.....#....#
......##.###...........#
..........###...@Y..#........
......>....#........##....#..
......#.............Y##.#....
.....#####...........F....Y..
........###.#.......FY.......
#...........##...#...........
##.#.#.....###..###....F....
#..#.#..... #...#........
........... ....#


You could see 2 death yaks, a yak and 3 bullfrogs.

Vanquished Creatures
  Pikel (D:6)
  An unseen horror (D:6)
  Prince Ribbit (D:5)
  Sigmund (D:2)
  A vampire (D:7)
  2 sky beasts (D:7)
  5 ice beasts
  2 ogres (D:6)
  3 lemures (D:6)
  A centaur (D:6)
  2 bullfrogs
  5 scorpions
  2 wights (D:6)
  6 killer bees (D:8)
  A howler monkey (D:5)
  3 hounds
  3 jellies
  Jessica (D:3)
  2 iguanas
  A sleepcap (D:5)
  4 orc wizards
  9 gnolls
  7 adders
  A shadow imp (D:7)
  A white imp (D:3)
  2 ribbon worms (D:3)
  3 dart slugs
  18 orcs
  4 ball pythons
  9 endoplasms
  3 giant cockroaches
  11 goblins
  11 hobgoblins
  5 kobolds
  5 quokkas
  5 bats
  6 frilled lizards
  A goblin zombie (D:7)
  3 hobgoblin zombies (D:7)
  A kobold skeleton (D:7)
  2 kobold zombies (D:7)
  An orc skeleton (D:7)
  An orc zombie (D:7)
  7 rats
164 creatures vanquished.

Notes
Turn   | Place    | Note
-------+----------+-------------------------------------------
     0 | D:1      | Autsider the Naga Alchemist began the quest for the Orb.
     0 | D:1      | Reached XP level 1. HP: 15/15 MP: 3/3
   202 | D:1      | Reached skill level 1 in Fire Magic
   202 | D:1      | Reached skill level 4 in Alchemy
   202 | D:1      | Reached XP level 2. HP: 22/22 MP: 0/5
   773 | D:1      | Reached XP level 3. HP: 27/28 MP: 3/6
   900 | D:1      | Found Cighaf's Antique Armour Boutique.
   957 | D:1      | Found Nuiv's Magic Scroll Boutique.
   969 | D:1      | Bought a scroll of identify for 22 gold pieces
   969 | D:1      | Bought a scroll of identify for 22 gold pieces
  1118 | D:1      | Found Lauj Feocviq's Assorted Antiques.
  1331 | D:1      | Learned a level 2 spell: Mercury Vapours
  1335 | D:1      | Learned a level 3 spell: Mephitic Cloud
  1521 | D:2      | Reached XP level 4. HP: 36/36 MP: 5/7
  1598 | D:2      | Found a faded altar of an unknown god.
  1836 | D:2      | Reached skill level 5 in Alchemy
  1942 | D:2      | Noticed Sigmund
  1953 | D:2      | Killed Sigmund
  1954 | D:2      | Reached skill level 7 in Alchemy
  1954 | D:2      | Reached XP level 5. HP: 33/42 MP: 0/8
  1954 | D:2      | Reached XP level 6. HP: 39/49 MP: 0/9
  2834 | D:3      | Noticed Jessica
  2842 | D:3      | Killed Jessica
  3626 | D:4      | Found Baxadup's Magic Scroll Emporium.
  3628 | D:4      | Found Kekkoc's Magic Scroll Emporium.
  3644 | D:4      | Bought a scroll of identify for 20 gold pieces
  3644 | D:4      | Bought a scroll of identify for 20 gold pieces
  3859 | D:4      | Found Fib Mong's Jewellery Emporium.
  3918 | D:4      | Found Cobaicack's Magic Scroll Emporium.
  3930 | D:4      | Bought a scroll of identify for 24 gold pieces
  3930 | D:4      | Bought a scroll of identify for 24 gold pieces
  3930 | D:4      | Bought a scroll of identify for 24 gold pieces
  3930 | D:4      | Bought a scroll of identify for 24 gold pieces
  3930 | D:4      | Identified a scroll of acquirement
  3934 | D:4      | Acquired 1123 gold pieces
  3938 | D:4      | Found Bocyad's Weapon Emporium.
  4145 | D:4      | Found an opulent altar of Gozag.
  4616 | D:4      | Bought a scroll of revelation for 82 gold pieces
  4616 | D:4      | Bought a scroll of immolation for 44 gold pieces
  4623 | D:4      | Bought a scroll of blinking for 75 gold pieces
  4631 | D:5      | Entered Level 5 of the Dungeon
  4649 | D:5      | Reached skill level 1 in Fighting
  4649 | D:5      | Reached XP level 7. HP: 54/57 MP: 3/10
  4650 | D:5      | Identified the +8 scale mail "Nibyl" {rPois rC- rN+ Str+2}
  4752 | D:5      | Reached skill level 8 in Alchemy
  4829 | D:5      | Found Oposatig's Antique Armour Shop.
  4948 | D:5      | Learned a level 4 spell: Olgreb's Toxic Radiance
  4955 | D:5      | Noticed Prince Ribbit
  4974 | D:5      | HP: 3/60 [Prince Ribbit (14)]
  4975 | D:5      | Killed Prince Ribbit
  5192 | D:5      | Reached XP level 8. HP: 58/69 MP: 0/13
  5496 | D:5      | Found Voahyob's Neck Hole.
  5507 | D:5      | Bought a scarf of repulsion for 120 gold pieces
  6035 | D:6      | Noticed Pikel
  6067 | D:6      | Killed Pikel
  6068 | D:6      | Reached skill level 10 in Alchemy
  6193 | D:6      | Learned a level 4 spell: Sticky Flame
  6258 | D:6      | Found Gavviof's Serpentskin Sales.
  6261 | D:6      | Reached XP level 9. HP: 78/78 MP: 10/15
  6428 | D:6      | Reached skill level 1 in Translocations
  6560 | D:6      | Identified the scarf of Boredom {+Inv, rPois Str+4}
  6649 | D:6      | Found a bloodstained altar of Trog.
  7070 | D:6      | Noticed an unseen horror
  7084 | D:6      | Killed an unseen horror
  7496 | D:7      | Reached skill level 1 in Shields
  7600 | D:7      | Found a staircase to the Ecumenical Temple.
  7672 | Temple   | Entered the Ecumenical Temple
  7695 | Temple   | Became a worshipper of Cheibriados the Contemplative
  7736 | D:7      | Reached skill level 5 in Fighting
  7975 | D:7      | Found an ancient bone altar of Kikubaaqudgha.
  8021 | D:7      | Found a hazy altar of Hepliaklqana.
  8248 | D:7      | Reached skill level 5 in Spellcasting
  8424 | D:7      | Reached XP level 10. HP: 88/88 MP: 8/17
  8534 | D:7      | Found a glowing golden altar of the Shining One.
  9012 | D:8      | Reached * piety under Cheibriados
  9066 | D:8      | Noticed a death yak
  9079 | D:8      | Noticed a death yak
  9082 | D:8      | Slain by a death yak

Illustrated notes

Levels and vault maps discovered:
D:1:      elethiomel_arrival_infinity_welcomes_careful_drivers, layout_basic,
          serial_shops, shop, shop_fountains, shop, hangedman_decor_points,
          minmay_close_crescents
D:2:      layout_loops_ring, hellmonk_ecumenical_altar_heavens_door,
          uniq_sigmund
D:3:      layout_basic, st_stairs_1, uniq_jessica
D:4:      kennysheep_the_goblin_king, layout_basic, kennysheep_little_box,
          serial_shops, shop, shop, shop, shop, nicolae_square_shop,
          grunt_decor_arrowhead
D:5:      layout_loops_ring, serial_shops, nicolae_shop_advertising_works
          [nicolae_subvault_shop_adworks], chequers_serial_rivers_small_3,
          hangedman_abyss_or_decor_lesser_grid,
          nicolae_shop_sticking_my_neck_out, uniq_prince_ribbit1
D:6:      layout_loops_corners, lemuel_coloured_pillars_altar,
          guppyfry_shop_venom, uniq_pikel
D:7:      layout_loops_cross, amcnicky_altar_gilded,
          mainiacjoe_overflow_concentric_impassable,
          nicolae_tso_besieged_by_evil, minmay_temple_entry_large_hall,
          chequers_serial_rivers_micro_e
D:8:      layout_cave_pools, nicolae_overflow_hidden_temple, dpeg_lair_monsters,
          nicolae_titane, uniq_joseph
Temple:   cyrus_temple_forest

Skill      XL: |  1  2  3  4  5  6  7  8  9 10 |
---------------+-------------------------------+-----
Fire Magic     | 1 2 3 4 |  4.0
Alchemy        | 4 7 8 10 | 10.8
Fighting       | 1 3 4 5 |  5.4
Spellcasting   | 3 4 5 |  5.2
Conjurations   | 4 |  4.0
Dodging        | 3 |  3.3
Translocations | 2 3 |  3.2
Shields        | 1 2 |  2.3
Stealth        | |  3.0

Action                     |  1- 3 |  4- 6 |  7- 9 | 10-12 || total
---------------------------+-------+-------+-------+-------++-------
  Melee: Unarmed           |    18 |       |       |       ||    18
         Whip              |    27 |    72 |       |       ||    99
         Short sword       |       |    85 |   135 |       ||   220
         Staff             |       |       |     4 |    21 ||    25
   Cast: Sting             |    61 |    40 |    44 |       ||   145
         Mercury Vapours   |       |    27 |    22 |     1 ||    50
         Mephitic Cloud    |       |     2 |       |       ||     2
         Olgreb's Toxic Ra |       |       |    17 |     4 ||    21
         Sticky Flame      |       |       |    16 |     7 ||    23
Ability: Spit Poison       |       |     1 |     2 |       ||     3
    Use: Potion            |     2 |       |     1 |       ||     3
         Scroll            |     2 |    10 |     2 |       ||    14
   Stab: Sleeping          |       |     1 |       |       ||     1
         Distracted        |       |       |       |     1 ||     1
 Armour: Robe              |    56 |    86 |   103 |    33 ||   278
  Dodge: Dodged            |    41 |    58 |    68 |     7 ||   174
  Block: Buckler           |       |       |     5 |     4 ||     9

Table legend: (Time is in decaauts)
 A = Elapsed time spent in this place.
 B = Non-inter-level travel time spent in this place.
 C = Inter-level travel time spent in this place.
 D = Time resting spent in this place.
 E = Time spent auto-exploring this place.
 F = Levels seen in this place.
 G = Mean time per level.
                   A        B        C        D        E       F      G
               +--------+--------+--------+--------+--------+-----+--------+
         Total |  11146 |  10828 |    318 |    249 |   9129 |   9 | 1238.4 |
       Dungeon |  11076 |  10826 |    250 |    249 |   9129 |   8 | 1384.5 |
        Temple |     69 |      1 |     68 |      0 |      0 |   1 |   69.0 |
               +--------+--------+--------+--------+--------+-----+--------+

Top non-repeatable levels by time:
     D:5: 1687 daAuts
     D:6: 1635 daAuts
     D:1: 1611 daAuts
     D:7: 1586 daAuts
     D:3: 1585 daAuts
     D:4: 1269 daAuts
     D:2: 1240 daAuts
     D:8: 460 daAuts
  Temple: 69 daAuts
